 Dungeon Crawl Stone Soup version 0.31-a0-1178-gc5c9b8f871 (webtiles) character file.

Game seed: 8235393110017169585

1848 qw the Skirmisher (level 9, -5/55 HPs)
             Began as a Gargoyle Hunter on Dec 11, 2023.
             Was a Believer of Okawaru.
             Engulfed by a steam dragon's steam (13 damage)
             ... on level 7 of the Dungeon.
             The game lasted 00:02:17 (4525 turns).

qw the Skirmisher (Gargoyle Hunter)                 Turns: 4525, Time: 00:02:17

Health: -5/55      AC: 13    Str: 15    XL:     9   Next: 12%
Magic:  11/11      EV: 13    Int: 10    God:    Okawaru [**....]
Gold:   83         SH:  0    Dex: 17    Spells: 8/8 levels left

rFire   . . .        a - +1 shortbow
rCold   . . .        (shield currently unavailable)
rNeg    + + .        n - +1 robe {rN+}
rPois   inf          (no helmet)
rElec   +            f - +0 cloak
rCorr   .            g - +1 pair of gloves
SInv    .            d - +0 pair of boots
Will    .....        (no amulet)
Stlth   ++           (no ring)
HPRegen 0.29/turn    (no ring)
MPRegen 0.12/turn

%: no passive effects
@: mighty
A: sickness immunity, AC +6, negative energy resistance 1, electricity
resistance, torment resistance 1, petrification resistance
a: Renounce Religion, Heroism


You were on level 7 of the Dungeon.
You worshipped Okawaru.
Okawaru was pleased with you.
You visited 2 branches of the dungeon, and saw 8 of its levels.

You collected 291 gold pieces.
You spent 208 gold pieces at shops.


Innate Abilities, Weirdness & Mutations

You are immune to sickness and miasma.
Your stone body is resilient. (AC +6)
You are immune to poison.
You resist negative energy. (rN+)
You are resistant to electric shocks. (rElec)
You are resistant to unholy torment.
You are immune to petrification.


   Skills:
 - Level 6.1 Fighting
 - Level 10.0 Ranged Weapons
 - Level 1.0 Armour
 + Level 2.6 Dodging
 - Level 1.1 Stealth
 + Level 3.9 Invocations


You had 8 spell levels left.
You didn't know any spells.
Your spell library was empty.

Inventory:

Hand Weapons
 a - a +1 shortbow (weapon)
 l - the +1 shortbow of the Shallot {antimagic, rCorr Int-5 Stlth+}
   (You bought it in a shop on level 6 of the Dungeon)

   Int-5:     It affects your intelligence (-5).
   rCorr:     It protects you from acid and corrosion.
   Stlth+:    It makes you more stealthy.
Armour
 c - a +0 leather armour
 d - a +0 pair of boots (worn)
 f - a +0 cloak (worn)
 g - a +1 pair of gloves (worn)
 n - a +1 robe of positive energy (worn)
Wands
 k - a wand of digging (6)
Potions
 b - a potion of enlightenment
 e - 6 potions of curing
 h - 2 potions of haste
 i - 3 potions of cancellation
 m - a potion of resistance

Dungeon Overview and Level Annotations

Branches:
Dungeon (7/15)             Temple (1/1) D:4

Altars:
Ashenzari
Cheibriados
Dithmenos
Fedhas
Makhleb
Okawaru
Qazlal
Ru
Sif Muna
Trog
Vehumet
Wu Jian
Xom
Yredelemnul
Zin
The Shining One

Shops:
D:6 (


Message History

The steam dragon bites you but does no damage.
The steam dragon barely misses you. The kobold hits you but does no damage.
You shoot an arrow. The arrow hits the steam dragon.
The steam dragon is lightly wounded.
The steam dragon closely misses you. The steam dragon barely misses you.
The kobold zaps a wand.
The puff of flame hits you.
You shoot an arrow. The arrow hits the steam dragon.
The steam dragon is moderately wounded.
The steam dragon breathes steam at you. The ball of steam hits you!
The kobold zaps a wand.
The puff of flame hits you but does no damage.
You shoot an arrow.
The arrow completely misses the steam dragon.
You are engulfed in a cloud of scalding steam.
The steam dragon misses you. The steam dragon closely misses you.
The kobold misses you.
You shoot an arrow. The arrow hits the steam dragon.
The steam dragon is heavily wounded.
You are engulfed in a cloud of scalding steam.
The steam dragon closely misses you. x2; The kobold barely misses you.
You shoot an arrow. The arrow hits the steam dragon.
The steam dragon is severely wounded.
A sleepcap comes into view.
The steam dragon breathes steam at you. The ball of steam hits you.
The kobold zaps a wand.
The puff of flame misses you.
You shoot an arrow.
The arrow hits the steam dragon but does no damage.
The steam dragon is severely wounded.
You are engulfed in a cloud of scalding steam.
The steam dragon bites you but does no damage.
The steam dragon completely misses you.
You shoot an arrow.
The arrow completely misses the steam dragon.
You are engulfed in a cloud of scalding steam.
The kobold closely misses you.
4525 ||| DRINKING metallic grey potion.
It was a potion of might.
You feel very mighty all of a sudden.
You are engulfed in a cloud of scalding steam.
You die...

.# .# .# .#
.#
##########.#
.......<@K.#
..#####D#%.#
#.#.........
##...$###.##
.h....f
#...#....
#.s......##
#..#._.#.#
#D.......#


You could see a steam dragon (catching breath), a sleepcap and a kobold.

Vanquished Creatures
  Grinder (D:6)
  A water moccasin (D:6)
  2 ogres
  3 phantoms
  A bullfrog (D:6)
  7 scorpions
  6 hounds
  3 jellies
  A gnoll bouda (D:5)
  A sleepcap (D:6)
  2 iguanas (D:4)
  4 orc wizards
  5 adders
  5 gnolls (D:5)
  2 worms
  2 dart slugs
  12 orcs
  5 endoplasms
  3 giant cockroaches
  8 goblins
  4 hobgoblins
  7 jackals
  6 kobolds
  A quokka (D:1)
  7 ball pythons
  3 bats (D:1)
  4 frilled lizards
  4 rats
110 creatures vanquished.

Notes
Turn   | Place    | Note
-------+----------+-------------------------------------------
     0 | D:1      | qw the Gargoyle Hunter began the quest for the Orb.
     0 | D:1      | Reached XP level 1. HP: 12/12 MP: 1/1
     0 | D:1      | 0 ||| qw: Version: 0.3-a-106-g2cfff9e
     0 | D:1      | 0 ||| qw: Game counter: 1954
     0 | D:1      | 0 ||| qw: Melee chars always use a shield: true
     0 | D:1      | 0 ||| qw: God list: Okawaru
     0 | D:1      | 0 ||| qw: Allow faded altars: false
     0 | D:1      | 0 ||| qw: Do Orc after clearing Dungeon:15 true
     0 | D:1      | 0 ||| qw: Do second Lair branch before Depths: true
     0 | D:1      | 0 ||| qw: Lair rune preference: random
     0 | D:1      | 0 ||| qw: Goals: Normal, Save, Zot:1-4, Win
     0 | D:1      | 0 ||| PLANNING D:1-11
    88 | D:1      | Reached XP level 2. HP: 17/17 MP: 2/2
   410 | D:1      | Found a faded altar of an unknown god.
   673 | D:1      | 673 ||| UPGRADING to +0 cloak.
   678 | D:1      | 678 ||| READING scroll labelled IMACAO HOTHU.
   779 | D:1      | 779 ||| READING scroll labelled AGGUAXTINAPP.
   779 | D:1      | 779 ||| IDENTIFYING green potion
   780 | D:1      | 780 ||| READING scroll labelled PEL BUUHEUCI.
   781 | D:1      | 781 ||| DRINKING 2 silvery potions.
   782 | D:1      | 782 ||| DROPPING scroll of butterflies.
   783 | D:1      | 783 ||| DROPPING potion of degeneration.
   881 | D:2      | Reached skill level 5 in Ranged Weapons
   881 | D:2      | Reached XP level 3. HP: 9/21 MP: 3/3
  1314 | D:2      | Reached skill level 3 in Fighting
  1353 | D:2      | Reached XP level 4. HP: 28/28 MP: 4/4
  1451 | D:2      | 1451 ||| UPGRADING to +0 pair of gloves.
  1456 | D:2      | 1456 ||| DROPPING amulet of magic regeneration.
  1457 | D:2      | 1457 ||| READING scroll of identify.
  1457 | D:2      | 1457 ||| IDENTIFYING smoky dark potion
  1458 | D:2      | 1458 ||| DRINKING 3 smoky inky potions.
  1644 | D:3      | Reached skill level 1 in Armour
  1672 | D:3      | Found a burning altar of Makhleb.
  1921 | D:3      | Found a shimmering altar of Xom.
  2080 | D:3      | 2080 ||| READING 2 scrolls of identify.
  2080 | D:3      | 2080 ||| IDENTIFYING dark potion
  2081 | D:3      | 2081 ||| READING scroll of identify.
  2081 | D:3      | 2081 ||| IDENTIFYING glowing inky potion
  2082 | D:3      | 2082 ||| READING scroll labelled YHIAXA JURA.
  2083 | D:3      | 2083 ||| DRINKING 2 blue potions.
  2084 | D:3      | 2084 ||| DROPPING potion of attraction.
  2085 | D:3      | 2085 ||| DROPPING potion of lignification.
  2131 | D:4      | Reached XP level 5. HP: 30/32 MP: 5/5
  2202 | D:4      | Reached skill level 6 in Ranged Weapons
  2518 | D:4      | Reached XP level 6. HP: 38/38 MP: 6/6
  2523 | D:4      | 2523 ||| FLEEEEING.
  2524 | D:4      | 2524 ||| FLEEEEING.
  2525 | D:4      | 2525 ||| FLEEEEING.
  2526 | D:4      | 2526 ||| FLEEEEING.
  2527 | D:4      | 2527 ||| FLEEEEING.
  2539 | D:4      | 2539 ||| FLEEEEING.
  2546 | D:4      | 2546 ||| FLEEEEING.
  2547 | D:4      | 2547 ||| FLEEEEING.
  2548 | D:4      | 2548 ||| FLEEEEING.
  2549 | D:4      | 2549 ||| FLEEEEING.
  2550 | D:4      | 2550 ||| FLEEEEING.
  2551 | D:4      | 2551 ||| FLEEEEING.
  2552 | D:4      | 2552 ||| FLEEEEING.
  2553 | D:4      | 2553 ||| FLEEEEING.
  2554 | D:4      | 2554 ||| FLEEEEING.
  2555 | D:4      | 2555 ||| FLEEEEING.
  2556 | D:4      | 2556 ||| FLEEEEING.
  2566 | D:4      | 2566 ||| DRINKING 2 potions of curing.
  2566 | D:4      | 2566 ||| (to cure confusion)
  2716 | D:4      | Found a staircase to the Ecumenical Temple.
  2717 | D:4      | 2717 ||| PLANNING TEMPLE
  2717 | D:4      | 2717 ||| UPGRADING to +1 robe of positive energy.
  2727 | D:4      | 2727 ||| READING 2 scrolls of identify.
  2727 | D:4      | 2727 ||| IDENTIFYING white potion
  2728 | D:4      | 2728 ||| READING scroll of identify.
  2728 | D:4      | 2728 ||| IDENTIFYING scroll labelled BUGEZA EHET
  2729 | D:4      | 2729 ||| READING scroll of enchant armour.
  2729 | D:4      | 2729 ||| ENCHANTING +0 pair of gloves.
  2730 | D:4      | 2730 ||| READING scroll labelled OCWONASUEM.
  2730 | D:4      | 2730 ||| ENCHANTING +0 shortbow.
  2739 | Temple   | Entered the Ecumenical Temple
  2740 | Temple   | 2740 ||| PLANNING D:1-11
  2781 | D:4      | Found a broken altar of Ashenzari.
  2861 | D:4      | Found a bloodstained altar of Trog.
  2873 | D:4      | Reached skill level 7 in Ranged Weapons
  2873 | D:4      | Reached XP level 7. HP: 37/43 MP: 7/7
  2935 | D:4      | Found a blossoming altar of Fedhas.
  3035 | D:5      | Entered Level 5 of the Dungeon
  3254 | D:5      | 3254 ||| Stepping ~*~*~tactically~*~*~ (retreating).
  3258 | D:5      | 3258 ||| Stepping ~*~*~tactically~*~*~ (retreating).
  3259 | D:5      | 3259 ||| Stepping ~*~*~tactically~*~*~ (retreating).
  3260 | D:5      | 3260 ||| Stepping ~*~*~tactically~*~*~ (retreating).
  3262 | D:5      | Reached skill level 8 in Ranged Weapons
  3417 | D:5      | Reached XP level 8. HP: 49/49 MP: 8/8
  3506 | D:5      | Found an iron altar of Okawaru.
  3507 | D:5      | 3507 ||| PLANNING OKAWARU WORSHIP
  3515 | D:5      | Became a worshipper of Warmaster Okawaru
  3516 | D:5      | 3516 ||| PLANNING D:1-11
  3860 | D:5      | 3860 ||| READING scroll of identify.
  3860 | D:5      | 3860 ||| IDENTIFYING scroll labelled ILOSER PEURUVY
  3861 | D:5      | 3861 ||| DROPPING scroll of summoning.
  3934 | D:6      | Reached skill level 9 in Ranged Weapons
  3958 | D:6      | Reached skill level 6 in Fighting
  3977 | D:6      | Reached * piety under Okawaru
  4098 | D:6      | Found Onorafach's Antique Weapon Shop.
  4119 | D:6      | Reached skill level 1 in Invocations
  4137 | D:6      | 4137 ||| BUYING crystal shortbow (208 gold).
  4137 | D:6      | Bought a crystal shortbow for 208 gold pieces
  4137 | D:6      | Identified the +1 shortbow of the Shallot {antimagic, rCorr
                  | Int-5 Stlth+} (You bought it in a shop on level 6 of the
                  | Dungeon)
  4220 | D:6      | Noticed Grinder
  4230 | D:6      | Paralysed by Grinder for 4 turns
  4240 | D:6      | Killed Grinder
  4319 | D:6      | Reached skill level 3 in Invocations
  4319 | D:6      | Reached XP level 9. HP: 48/55 MP: 11/11
  4422 | D:6      | Reached skill level 10 in Ranged Weapons
  4469 | D:6      | 4469 ||| UPGRADING to +0 pair of boots.
  4474 | D:6      | 4474 ||| READING scroll labelled YRUSUPLE WICWOY.
  4477 | D:6      | 4477 ||| DROPPING wand of flame (16).
  4492 | D:7      | Found a radiant altar of Vehumet.
  4496 | D:7      | 4496 ||| Stepping ~*~*~tactically~*~*~ (retreating).
  4517 | D:7      | Reached ** piety under Okawaru
  4524 | D:7      | HP: 8/55 [steam dragon] (11)]
  4525 | D:7      | 4525 ||| DRINKING metallic grey potion.
  4525 | D:7      | Engulfed by a steam dragon's steam

Levels and vault maps discovered:
D:1:      dpeg_arrival_rhombus, layout_basic, dreamdust_ecumenical_altar_grove
D:2:      layout_basic
D:3:      layout_basic, lightli_temple_of_fire, xom_butterflies
D:4:      layout_cave_pools, fedhas_altar_decomposition,
          mainiacjoe_overflow_big_doors, lemuel_temple_firewalk_b
D:5:      layout_basic, kennysheep_okawaru_gauntlet,
          chequers_serial_rivers_micro_e, minmay_between
D:6:      layout_rooms, serial_shops, kennysheep_little_box, uniq_grinder
D:7:      layout_loops_ring, vehumet_altar_wand_db,
          nicolae_overflow_crystal_walls, nicolae_uskayaw_dance_hall,
          marbit_many_paths, uniq_maurice
Temple:   nicolae_temple_bog_church

Skill      XL: |  1  2  3  4  5  6  7  8  9 |
---------------+----------------------------+-----
Ranged Weapons | 5 6 7 8 9 10 | 10.0
Fighting       | 3 4 5 6 |  6.1
Armour         | 1 |  1.0
Dodging        | 2 |  2.6
Invocations    | 3 |  3.9
Stealth        | |  1.1

Action                     |  1- 3 |  4- 6 |  7- 9 || total
---------------------------+-------+-------+-------++-------
   Fire: Shortbow          |   120 |   208 |   237 ||   565
    Use: Scroll            |     3 |     8 |     2 ||    13
         Potion            |     1 |     3 |     1 ||     5
 Armour: Leather armour    |    32 |    97 |       ||   129
         Robe              |       |     5 |   101 ||   106
  Dodge: Dodged            |    33 |   102 |   101 ||   236

Table legend:
 A = Non-vault XP
 B = Vault XP
 C = Vault XP percentage of total XP
 D = Non-vault monster count
 E = Vault monster count
 F = Vault count percentage of total count
                 A         B        C        D         E       F
            +---------+---------+-------+---------+---------+-------
      Total |    2041 |     600 |  22.7 |     102 |       8 |   7.3
            +---------+---------+-------+---------+---------+-------
        D:1 |      25 |       0 |   0.0 |      18 |       0 |   0.0
        D:2 |      57 |       0 |   0.0 |      17 |       0 |   0.0
        D:3 |      29 |       0 |   0.0 |      10 |       0 |   0.0
        D:4 |     522 |       0 |   0.0 |      28 |       0 |   0.0
        D:5 |     413 |     296 |  41.7 |      16 |       7 |  30.4
        D:6 |     866 |     304 |  26.0 |      11 |       1 |   8.3
        D:7 |     129 |       0 |   0.0 |       2 |       0 |   0.0
            +---------+---------+-------+---------+---------+-------
